 Dungeon Crawl Stone Soup version 0.20-a0-1122-gb7cbeb9 (webtiles) character file.

214 salapander the Firebug (level 5, -1/28 HPs)
             Began as a Gargoyle Fire Elementalist on May 13, 2017.
             Slain by a phantom (6 damage)
             ... on level 4 of the Dungeon.
             The game lasted 00:04:06 (3370 turns).

salapander the Firebug (Gargoyle Fire Elementalist) Turns: 3370, Time: 00:04:06

Health: -1/28      AC: 10    Str: 11    XL:     5   Next: 92%
Magic:  0/8        EV: 12    Int: 17    God:
Gold:   171        SH:  0    Dex: 10    Spells: 3/8 levels left

rFire    . . .     SeeInvis .   e - +1 dagger (venom)
rCold    . . .     Gourm    .   (no shield)
rNeg     + . .     Faith    .   a - +0 robe
rPois    ∞         Spirit   .   (no helmet)
rElec    +         Reflect  .   f - +0 cloak
rCorr    .         Harm     .   (no gloves)
MR       .....                  m - +2 pair of boots
Stlth    ++........             (no amulet)
Regen    0.1/turn               (no ring)
MPRegen  0.2/turn               (no ring)

@: no status effects
A: negative energy resistance 1, electricity resistance, unbreathing,
petrification resistance, rot immunity, AC +4
a: no special abilities


You were on level 4 of the Dungeon.
You were not hungry.

You visited 1 branch of the dungeon, and saw 4 of its levels.

You collected 171 gold pieces.

Inventory:

Hand Weapons
 e - a +1 dagger of venom (weapon)
Armour
 a - a +0 robe (worn)
 f - a +0 cloak (worn)
 m - a +2 pair of boots (worn)
Jewellery
 o - an uncursed ring of flight {unknown}
 s - an uncursed ring of flight {unknown}
Wands
 u - a wand of enslavement (16/24)
Scrolls
 d - a scroll of fear {unknown}
 g - a scroll of fog {unknown}
 j - 4 scrolls of teleportation {unknown}
 k - 2 scrolls of identify {unknown}
 l - 2 scrolls of remove curse {unknown}
 r - a scroll of noise {unknown}
Potions
 n - a potion of lignification {unknown}
 p - a potion of mutation {unknown}
 q - a potion of berserk rage {unknown}
Books
 b - a book of Flames

   Spells                             Type                      Level
   a - Flame Tongue                   Conjuration/Fire             1
   b - Throw Flame                    Conjuration/Fire             2
   c - Conjure Flame                  Conjuration/Fire             3
   d - Inner Flame                    Hexes/Fire                   3
   e - Sticky Flame                   Conjuration/Fire             4
   f - Fireball                       Conjuration/Fire             5
Comestibles
 c - 3 bread rations
 i - 3 meat rations
 t - a fruit


   Skills:
 - Level 1.5 Dodging
 - Level 2.1 Stealth
 - Level 2.0 Spellcasting
 + Level 4.4 Conjurations
 + Level 4.9 Fire Magic


You had 3 spell levels left.
You knew the following spells:

 Your Spells              Type           Power        Failure   Level  Hunger
a - Flame Tongue          Conj/Fire      ###..        2%          1    #......
b - Sticky Flame          Conj/Fire      ###.....     28%         4    #####..


Dungeon Overview and Level Annotations

Branches:
Dungeon (4/15)
 Temple: D:4-7

Altars:
Nemelex Xobeh


Innate Abilities, Weirdness & Mutations

You are resistant to torment.
Your stone body is resilient. (AC +4)
You are immune to poison.
You resist negative energy. (rN+)
You are resistant to electric shocks. (rElec)
You can survive without breathing.
You are immune to petrification.
You are immune to rotting.


Message History

Press: ? - help, Shift-Dir - straight line, f/p - phantom
Aim: a phantom (heavily damaged)
The flame tongue hits the phantom.
The phantom appears unharmed.
The phantom is heavily damaged.
Casting: Flame Tongue
Confirm with . or Enter, or press ? or * to list all spells.
Aiming: Flame Tongue
Press: ? - help, Shift-Dir - straight line, f/p - phantom
Aim: a phantom (heavily damaged)
The flame tongue hits the phantom.
The phantom is almost destroyed.
Casting: Flame Tongue
Confirm with . or Enter, or press ? or * to list all spells.
Aiming: Flame Tongue
Press: ? - help, Shift-Dir - straight line, f/p - phantom
Aim: a phantom (almost destroyed)
The flame tongue hits the phantom.
The phantom is almost destroyed.
The phantom hits you.
You die...

### ###
##..###†...## .# #
#...#.$.#### .#
#.###.....#### .#
##..".............
..
........##########
#######.....#
#.###...# ####W#
## #..@.# #.#### #


You could see a phantom.

Vanquished Creatures
  A hound (D:3)
  An orc priest (D:3)
  Crazy Yiuf (D:2)
  A hound skeleton (D:4)
  3 adders
  2 worms
  A dart slug (D:2)
  3 leopard geckos
  7 orcs (D:3)
  7 giant cockroaches
  9 goblins
  5 hobgoblins
  5 jackals
  9 kobolds
  8 bats
  4 frilled lizards
  9 rats
76 creatures vanquished.

Notes
Turn   | Place    | Note
-------+----------+-------------------------------------------
     0 | D:1      | salapander the Gargoyle Fire Elementalist began the quest for the Orb.
     0 | D:1      | Reached XP level 1. HP: 10/10 MP: 3/3
   341 | D:1      | Reached XP level 2. HP: 10/15 MP: 0/5
   806 | D:1      | Reached XP level 3. HP: 16/19 MP: 6/6
  1707 | D:2      | Reached XP level 4. HP: 14/24 MP: 4/7
  1854 | D:2      | Found a runed door.
  1931 | D:2      | Found a sparkling altar of Nemelex Xobeh.
  2142 | D:2      | Learned a level 4 spell: Sticky Flame
  2146 | D:2      | Noticed Crazy Yiuf
  2150 | D:2      | Killed Crazy Yiuf
  2292 | D:3      | Reached XP level 5. HP: 23/28 MP: 4/8
  3334 | D:4      | Noticed a phantom
  3370 | D:4      | Slain by a phantom

Vault maps used:
D:1:      eino_arrival_water_star
D:2:      lemuel_doored_altar, uniq_crazy_yiuf_cottage
D:3:      first_bread
D:4:      makhleb_blood_cavern_becter

Skill      XL: |  1  2  3  4  5 |
---------------+----------------+-----
Conjurations   | 2 3 4 |  4.4
Fire Magic     | 4 |  4.9
Dodging        | |  1.5
Stealth        | |  2.1
Spellcasting   | |  2.0

Action                   |  1- 3 |  4- 6 || total
-------------------------+-------+-------++-------
Melee: Unarmed           |    59 |       ||    59
       Dagger            |    62 |    87 ||   149
 Cast: Flame Tongue      |    23 |    28 ||    51
       Sticky Flame      |       |     1 ||     1
  Use: Potion            |       |     4 ||     4
 Stab: Sleeping          |     2 |     1 ||     3
  Eat: Chunk             |     3 |     6 ||     9
Armor: Robe              |    54 |    40 ||    94
Dodge: Dodged            |   107 |    67 ||   174
